 Dungeon Crawl Stone Soup version 0.20.0-15-g7f486f2 (webtiles) character file.

78767 Ic0n the Warrior (level 15, -11/128 HPs)
             Began as a Minotaur Monk on June 16, 2017.
             Was the Champion of Hepliaklqana.
             Killed from afar by a centaur (25 damage)
             ... with a wand of lightning (?/15)
             ... on level 14 of the Dungeon.
             The game lasted 01:04:27 (26578 turns).

Ic0n the Warrior (Minotaur Monk)                   Turns: 26578, Time: 01:04:28

Health: -11/128    AC: 12    Str: 19    XL:     15   Next: 19%
Magic:  14/14      EV: 15    Int:  7    God:    Hepliaklqana [******]
Gold:   1730       SH:  0    Dex: 16    Spells: 12/14 levels left

rFire    . . .     SeeInvis .   b - +2 dire flail (venom)
rCold    . . .     Gourm    +   (shield currently unavailable)
rNeg     . . .     Faith    .   E - +0 plate armour
rPois    .         Spirit   .   U - +2 hat
rElec    .         Reflect  .   R - +1 cloak
rCorr    .         Harm     .   w - +1 pair of gloves
MR       ++...                  (no boots)
Stlth    ..........             M - amulet of the gourmand
Regen    0.4/turn               j - ring of protection from magic
MPRegen  0.2/turn               S - +3 ring of slaying

@: corroded
A: retaliatory headbutt, reduced essence, horns 2
a: Recall Ancestor, Ancestor Identity, Transference, Idealise, Renounce Religion


You were on level 14 of the Dungeon.
You worshipped Hepliaklqana.
Hepliaklqana was exalted by your worship.
You were completely stuffed.

You visited 2 branches of the dungeon, and saw 20 of its levels.
You also visited: Sewer, Ossuary and Volcano.

You collected 1730 gold pieces.

Inventory:

Hand Weapons
 b - a +2 dire flail of venom (weapon)
 P - a +0 morningstar of holy wrath
Missiles
 r - 5 steel javelins
 t - 2 throwing nets (quivered)
 B - 21 tomahawks
Armour
 w - a +1 pair of gloves (worn)
 E - a +0 plate armour (worn)
 R - a +1 cloak (worn)
 U - a +2 hat (worn)
Jewellery
 j - a ring of protection from magic (left hand)
 n - a +4 ring of strength
 M - an amulet of the gourmand (around neck)
 N - an uncursed ring of protection from cold
 S - a +3 ring of slaying (right hand)
Wands
 i - a wand of acid (9/15)
 v - a wand of paralysis (14/24)
 Q - a wand of digging (17/24)
Scrolls
 k - 4 scrolls of enchant weapon
 o - 4 scrolls of fog
 q - 5 scrolls of magic mapping
 y - 3 scrolls of recharging
 A - 9 scrolls of blinking
 C - 3 scrolls of immolation
 D - 6 scrolls of remove curse
 H - a scroll of fear
 J - 2 scrolls of silence
 K - 5 scrolls of teleportation
 V - 4 scrolls of identify
Potions
 d - 4 potions of ambrosia
 e - 2 potions of heal wounds
 f - 2 potions of might
 g - 7 potions of lignification
 h - 2 potions of mutation
 l - 16 potions of curing
 p - 5 potions of haste
 s - 3 potions of agility
 u - 4 potions of cancellation
 z - 5 potions of brilliance
 F - 4 potions of flight
 G - a potion of berserk rage
 O - 2 potions of resistance
Books
 L - a book of Battle

   Spells                             Type                      Level
   a - Infusion                       Charms                       1
   b - Shroud of Golubria             Charms/Translocation         2
   c - Song of Slaying                Charms                       2
   d - Spectral Weapon                Hexes/Charms                 3
   e - Regeneration                   Charms/Necromancy            3
Comestibles
 a - 13 chunks of flesh
 c - 12 bread rations
 x - 13 meat rations
 I - 15 royal jellies
 T - 9 fruits


   Skills:
 + Level 15.7 Fighting
   Level 7.1 Short Blades
   Level 4.4(10.3) Axes
 + Level 14.0(14.2) Maces & Flails
 + Level 15.5 Armour
 + Level 15.0 Dodging
 - Level 1.5 Stealth


You had 12 spell levels left.
You knew the following spells:

 Your Spells              Type           Power        Failure   Level  Hunger
a - Blink                 Tloc           N/A          100%        2    ###....


Dungeon Overview and Level Annotations

Branches:
Dungeon (14/15)            Temple (0/1) D:5            Lair (6/6) D:11
  Swamp (0/4) Lair:3        Snake (0/4) Lair:3        Slime (0/5) Lair:6
    Orc (0/2) D:11         Vaults (0/5) D:13

Altars:
Dithmenos
Fedhas
Gozag
Hepliaklqana
Kikubaaqudgha
Qazlal
Zin


Innate Abilities, Weirdness & Mutations

You reflexively headbutt those who attack you in melee.
You have a pair of horns on your head.
Your life essence is reduced. (-10% HP)


Message History

Something hits Celandrion.
Celandrion hits the green ugly thing with a broad axe of flaming!
Celandrion burns the green ugly thing.
Celandrion barely misses something.
Celandrion blocks the green ugly thing's attack.
The centaur zaps a wand.
The bolt of lightning hits the centaur.
The bolt of lightning hits Celandrion.
The bolt of lightning hits you!
* * * LOW HITPOINT WARNING * * *
The bolt of lightning hits you!
* * * LOW HITPOINT WARNING * * *
It is a wand of lightning (?/15).
Celandrion hits the centaur with a broad axe of flaming!
Celandrion burns the centaur.
The centaur dies!
Celandrion closely misses the green ugly thing.
The green ugly thing claws Celandrion.
You feel much better.
The centaur zaps a wand.
The bolt of lightning hits Celandrion.
The bolt of lightning hits you!
* * * LOW HITPOINT WARNING * * *
The bolt of lightning hits you!
You die...

#(.....)....#
#(.(..((....#
#.(#####.#..# #..#
#.#..# #..# #.#..#
#..# #.#..# #..#
..#..# #..#.#####(.#
#..#.....@..#
#..#.#####R.# #..#
#)u# #..# #c.#
#######..# #.)#
#........# #..#
##......).#####(#..#
#..............[#..#
#....((...#####.#..#


You could see the friendly Celandrion the knight, a green ugly thing and a
centaur.

Vanquished Creatures
  Agnes (D:13)
  Kirke (Lair:4)
  An ogre mage (D:13)
  Erolcha (D:9)
  A merfolk avatar (Lair:6)
  2 centaur warriors (D:13)
  3 two-headed ogres
  2 hydras
  A tengu warrior (D:13)
  9 death yaks
  A skeletal warrior (D:13)
  3 unseen horrors
  2 harpies
  Pikel (D:9)
  An orc knight (D:13)
  A phantasmal warrior (D:13)
  2 cyclopes (D:13)
  4 manticores
  4 ugly things
  6 elephants (Lair:5)
  A deep elf mage (D:13)
  5 black mambas
  Maurice (D:10)
  A centaur zombie (D:13)
  Psyche (D:9)
  8 spiny frogs
  2 gargoyles
  3 rime drakes
  A kobold demonologist (D:12)
  5 komodo dragons
  3 meliai (Lair:4)
  A queen bee (Lair:4)
  A tengu conjurer (D:13)
  3 trolls
  2 wind drakes (Lair:6)
  5 polar bears (Lair:6)
  9 blink frogs
  9 slime creatures
  5 dream sheep (Lair:5)
  12 hippogriffs
  4 wyverns
  27 yaks
  3 basilisks
  3 hogs (Lair:4)
  Menkaure (D:5)
  4 insubstantial wisps (Lair:3)
  3 nagas (Lair:3)
  15 water moccasins
  Duvessa (D:7)
  6 porcupines
  5 orc warriors
  A hornet zombie (D:12)
  5 ogres
  5 necrophages (Lair:3)
  2 ice beasts
  4 sky beasts
  A phantom (D:4)
  A boggart (D:13)
  An eye of draining (D:14)
  13 wolves
  9 centaurs
  12 crocodiles
  18 bullfrogs
  7 big kobolds
  The ghost of Soyweiser the Sneak, an amateur SpEn (D:3)
  A gnoll sergeant (D:10)
  3 wyvern skeletons
  Dowan (D:7)
  2 scorpions
  11 killer bees
  11 wights
  A howler monkey (D:5)
  3 electric eels
  4 crimson imps
  A bullfrog zombie (D:9)
  3 quasits
  5 jellies
  5 centaur skeletons
  9 orc priests
  A bullfrog skeleton (D:13)
  6 hounds
  14 orc wizards
  5 iguanas
  6 worker ants
  2 hound skeletons
  A worker ant zombie (D:8)
  6 mummies (Ossuary)
  12 adders
  13 gnolls
  A river rat (Sewer)
  4 shadow imps
  5 oozes
  2 adder skeletons
  4 worms (D:3)
  4 dart slugs (D:1)
  5 leopard geckos
  66 orcs
  15 bats
  9 giant cockroaches
  28 goblins
  33 hobgoblins
  12 jackals
  2 quokkas (D:3)
  9 ball pythons
  A frilled lizard (D:1)
  A gnoll zombie (Ossuary)
  2 hobgoblin zombies
  A jackal skeleton (D:5)
  36 kobolds
  A leopard gecko zombie (D:7)
  2 orc zombies (Ossuary)
  2 quokka skeletons
  A quokka zombie (D:7)
  22 rats
  A plant (Lair:6)
672 creatures vanquished.

Vanquished Creatures (collateral kills)
  Nessos (D:13)
  3 hydras
  4 two-headed ogres
  A centaur warrior (D:13)
  A death yak (Lair:4)
  The ghost of Soyweiser the Covert, a novice SpEn of Gozag (D:8)
  A centaur zombie (D:11)
  An ugly thing (D:14)
  Joseph (D:9)
  The ghost of Nr616 the Grappler, a novice NaTm (D:5)
  2 spiny frogs
  3 komodo dragons
  4 slime creatures
  2 blink frogs
  A hippogriff (Lair:3)
  A spriggan (D:10)
  2 wyverns
  8 yaks
  2 hogs (Lair:4)
  2 hungry ghosts (D:12)
  Edmund (D:6)
  2 wolves
  3 ogres
  3 centaurs
  2 big kobolds
  A water moccasin zombie (D:7)
  2 scorpions
  6 killer bees
  5 wights
  2 howler monkeys (D:8)
  A crimson imp (D:7)
  2 bullfrog zombies
  2 hounds
  A gnoll shaman (D:7)
  4 orc wizards
  An iguana (D:7)
  2 worker ants
  2 mummies (Ossuary)
  4 adders
  5 gnolls
  2 river rats (Sewer)
  An ooze (Sewer)
  A worm zombie (D:7)
  A worm (D:4)
  A leopard gecko (D:6)
  16 orcs
  A ball python (D:2)
  8 goblins
  13 hobgoblins
  4 jackals
  2 hobgoblin zombies (Ossuary)
  11 kobolds
  2 orc zombies (Ossuary)
  11 rats
167 creatures vanquished.

Vanquished Creatures (others)
  A slave (D:9)
  3 knights
  A hound (D:11)
  An orc wizard (D:10)
  A bush (Lair:3)
  2 fungi
  17 plants
26 creatures vanquished.

Grand Total: 865 creatures vanquished

Notes
Turn   | Place    | Note
-------+----------+-------------------------------------------
     0 | D:1      | Ic0n the Minotaur Monk began the quest for the Orb.
     0 | D:1      | Reached XP level 1. HP: 19/19 MP: 0/0
   317 | D:1      | Reached XP level 2. HP: 27/27 MP: 1/1
   358 | D:1      | Reached skill level 1 in Armour
   680 | D:1      | Reached XP level 3. HP: 31/33 MP: 2/2
  1361 | D:2      | Found a faded altar of an unknown god.
  1371 | D:2      | Became a worshipper of Hepliaklqana the Forgotten
  1371 | D:2      | Reached * piety under Hepliaklqana
  1371 | D:2      | Reached ** piety under Hepliaklqana
  1472 | D:2      | Reached *** piety under Hepliaklqana
  1499 | D:2      | Reached XP level 4. HP: 36/36 MP: 3/3
  1687 | D:2      | Reached skill level 1 in Short Blades
  2198 | D:3      | Remembered your ancestor Celandrion as a knight
  2291 | D:3      | Reached XP level 5. HP: 39/41 MP: 4/4
  2294 | D:3      | Noticed Soyweiser's ghost (amateur SpEn)
  2300 | D:3      | Killed Soyweiser's ghost
  2393 | D:3      | Found a shadowy altar of Dithmenos.
  2450 | D:3      | Learned a level 2 spell: Blink
  2661 | D:3      | Reached XP level 6. HP: 47/47 MP: 5/5
  3282 | D:4      | Found an ancient bone altar of Kikubaaqudgha.
  3282 | D:4      | Found a blossoming altar of Fedhas.
  3304 | D:4      | Found a glowing drain.
  3305 | D:4      | Reached **** piety under Hepliaklqana
  3321 | D:4      | Reached skill level 5 in Dodging
  3332 | Sewer    | Entered a sewer
  3779 | Sewer    | Reached skill level 5 in Fighting
  3779 | Sewer    | Reached XP level 7. HP: 48/54 MP: 6/6
  3974 | D:4      | Found an opulent altar of Gozag.
  4619 | D:4      | Reached skill level 5 in Armour
  5168 | D:4      | You fall through a shaft for 3 floors!
  5186 | D:7      | Reached skill level 5 in Short Blades
  5186 | D:7      | Reached XP level 8. HP: 63/63 MP: 4/7
  5215 | D:7      | Found a sand-covered staircase.
  5235 | Ossuary  | Entered an ossuary
  5561 | D:7      | Noticed a hippogriff
  5570 | D:7      | Killed a hippogriff
  6025 | D:6      | Noticed Edmund
  6027 | D:5      | Entered Level 5 of the Dungeon
  6300 | D:5      | Noticed Nr616's ghost (novice NaTm)
  6301 | D:5      | Noticed Menkaure
  6628 | D:5      | Noticed a hippogriff
  6636 | D:5      | Killed a hippogriff
  6636 | D:5      | Reached XP level 9. HP: 67/71 MP: 5/8
  6664 | D:5      | Reached ***** piety under Hepliaklqana
  6719 | D:5      | Killed Nr616's ghost
  6985 | D:5      | Found a staircase to the Ecumenical Temple.
  7063 | D:5      | Killed Menkaure
  8084 | D:6      | Killed Edmund
  8159 | D:6      | Reached skill level 1 in Maces & Flails
  8497 | D:6      | Noticed a two-headed ogre
  8504 | D:6      | Killed a two-headed ogre
  8504 | D:6      | Reached XP level 10. HP: 81/81 MP: 9/9
  8741 | D:7      | Identified the Catalogue of Intoxication and the Snowflakes
  8893 | D:7      | Noticed Dowan
  8894 | D:7      | Noticed Duvessa
  8896 | D:7      | Noticed a two-headed ogre
  8904 | D:7      | Killed Duvessa
  8953 | D:6      | Killed a two-headed ogre
  9153 | D:7      | Killed Dowan
  9319 | D:7      | You fall through a shaft for 2 floors!
  9401 | D:9      | Noticed Joseph
  9414 | D:9      | Killed Joseph
  9567 | D:9      | Noticed Psyche
  9570 | D:9      | Noticed a two-headed ogre
  9574 | D:9      | Killed Psyche
  9581 | D:9      | Killed a two-headed ogre
  9581 | D:9      | Reached skill level 10 in Fighting
  9581 | D:9      | Reached skill level 5 in Maces & Flails
 10237 | D:9      | Reached skill level 10 in Dodging
 10310 | D:9      | Noticed Erolcha
 10319 | D:9      | Killed Erolcha
 10319 | D:9      | Reached skill level 10 in Armour
 10319 | D:9      | Reached XP level 11. HP: 60/90 MP: 6/10
 10544 | D:7      | Found a glowing silver altar of Zin.
 11171 | D:8      | Noticed Soyweiser's ghost (novice SpEn)
 11182 | D:8      | Killed Soyweiser's ghost
 11635 | D:8      | Reached ****** piety under Hepliaklqana
 11737 | D:8      | Noticed a two-headed ogre
 11748 | D:8      | Killed a two-headed ogre
 12195 | D:9      | Noticed Pikel
 12204 | D:9      | Killed Pikel
 12310 | D:9      | Noticed a two-headed ogre
 12314 | D:9      | Killed a two-headed ogre
 12733 | D:10     | Entered Level 10 of the Dungeon
 12733 | D:10     | Noticed a two-headed ogre
 12747 | D:9      | Killed a two-headed ogre
 13735 | D:10     | Noticed Maurice
 13750 | D:10     | Killed Maurice
 14195 | D:11     | Noticed a cyan ugly thing
 14199 | D:11     | Killed a cyan ugly thing
 14199 | D:11     | Reached XP level 12. HP: 100/100 MP: 11/11
 14229 | D:11     | Found a staircase to the Lair.
 14791 | D:11     | Found a staircase to the Orcish Mines.
 15795 | Lair:1   | Entered Level 1 of the Lair of Beasts
 15821 | Lair:1   | Noticed an eight-headed hydra
 15831 | Lair:1   | Killed an eight-headed hydra
 16077 | Lair:1   | Found a dark tunnel.
 16085 | Volcano  | Entered a volcano
 16720 | Lair:1   | Reached skill level 10 in Maces & Flails
 17423 | Lair:2   | Noticed an eight-headed hydra
 17434 | Lair:2   | Killed an eight-headed hydra
 18136 | Lair:3   | Found a staircase to the Snake Pit.
 18429 | Lair:3   | Noticed a death yak
 18430 | Lair:3   | Noticed a death yak
 18432 | Lair:3   | Noticed a death yak
 18433 | Lair:3   | Reached XP level 13. HP: 109/109 MP: 12/12
 19083 | Lair:3   | Found a staircase to the Swamp.
 19671 | Lair:4   | Noticed Kirke
 19675 | Lair:4   | Noticed a sphinx
 19695 | Lair:4   | Killed Kirke
 21342 | Lair:5   | Reached XP level 14. HP: 114/118 MP: 13/13
 22182 | Lair:6   | Entered Level 6 of the Lair of Beasts
 22182 | Lair:6   | Found a stormy altar of Qazlal.
 22437 | Lair:6   | Found a staircase to the Slime Pits.
 24428 | D:12     | Reached skill level 15 in Fighting
 24574 | D:13     | Noticed Nessos
 24595 | D:13     | Killed Nessos
 24595 | D:13     | Reached skill level 15 in Armour
 25189 | D:13     | Found a gate to the Vaults.
 25933 | D:13     | Reached XP level 15. HP: 95/126 MP: 14/14
 25967 | D:13     | Got a fine trident
 25968 | D:13     | Identified the +7 trident of Okawaru's Condemnation {freeze, rF+ MP+9 Str+2 Int-4} (You found it on level 13 of the Dungeon)
 26098 | D:14     | Noticed Agnes
 26113 | D:13     | HP: 6/126 [Agnes/vampiric lajatang (21)]
 26125 | D:13     | Killed Agnes
 26564 | D:14     | Reached skill level 15 in Dodging
 26577 | D:14     | HP: 5/128 [centaur/wand of lightning (?/15) (22)]
 26578 | D:14     | Killed from afar by a centaur

Skill      XL: |  1  2  3  4  5  6  7  8  9 10 11 12 13 14 15 |
---------------+----------------------------------------------+-----
Axes           | 4 |  4.4
Armour         | 1 2 3 4 5 6 8 10 11 12 14 15 | 15.5
Short Blades   | 1 2 3 5 6 7 |  7.1
Dodging        | 4 5 6 7 8 10 11 12 13 14 15 | 15.0
Fighting       | 4 5 7 9 10 11 13 14 15 | 15.7
Maces & Flails | 2 5 8 10 12 13 14 | 14.0
Stealth        | |  1.5

Action                   |  1- 3 |  4- 6 |  7- 9 | 10-12 | 13-15 || total
-------------------------+-------+-------+-------+-------+-------++-------
Melee: Hand axe          |    69 |       |       |       |       ||    69
       Headbutt          |     8 |    30 |    87 |   131 |   203 ||   459
       Short sword       |    31 |   203 |   338 |       |       ||   572
       Dire flail        |       |       |    33 |   526 |   851 ||  1410
       Morningstar       |       |       |       |       |     2 ||     2
Invok: Ancestor Life: Kn |       |     1 |       |       |       ||     1
       Ancestor Identity |       |     1 |       |       |       ||     1
       Recall Ancestor   |       |       |     1 |     3 |     1 ||     5
Evoke: Wand              |       |       |     1 |       |     1 ||     2
  Use: Scroll            |       |    11 |    10 |    12 |       ||    33
       Potion            |       |       |       |       |     6 ||     6
 Stab: Sleeping          |     3 |       |       |       |       ||     3
       Paralysed         |       |       |     2 |       |       ||     2
       Distracted        |       |       |       |     2 |     8 ||    10
  Eat: Chunk             |     2 |     7 |     5 |    27 |    27 ||    68
       Fruit             |       |       |     7 |     6 |       ||    13
       Royal jelly       |       |       |     2 |       |       ||     2
       Bread ration      |       |       |     1 |     1 |       ||     2
Armor: Robe              |     7 |       |       |       |       ||     7
       Scale mail        |    31 |    62 |    21 |       |       ||   114
       Plate armour      |       |       |   173 |   262 |   404 ||   839
Dodge: Dodged            |    52 |   119 |   180 |   369 |   406 ||  1126
